 Seeded DCSS version 0.25-a0-954-g94bac08 (webtiles) character file.

Game seed: 11301349378719138389, levelgen mode: deterministic

6 Auros the Grave Robber (level 1, 0/13 HPs)
             Began as a Demonspawn Necromancer on May 8, 2020.
             Slain by a jackal (3 damage)
             ... on level 1 of the Dungeon.
             The game lasted 00:01:15 (362 turns).

Auros the Grave Robber (Demonspawn Necromancer)      Turns: 362, Time: 00:01:15

Health: 0/13       AC:  2    Str:  8    XL:     1   Next: 75%
Magic:  0/3        EV: 12    Int: 16    God:
Gold:   25         SH:  0    Dex: 13    Spells: 3/4 levels left

rFire    . . .     SeeInvis .   c - +0 dagger
rCold    . . .     Gourm    .   (no shield)
rNeg     . . .     Faith    .   a - +0 robe
rPois    .         Spirit   .   (no helmet)
rElec    .         Reflect  .   (no cloak)
rCorr    .         Harm     .   (no gloves)
MR       .....                  (no boots)
Stlth    ++........             (no amulet)
HPRegen  0.04/turn              (no ring)
MPRegen  0.08/turn              (no ring)

@: no status effects
A: no striking features
a: no special abilities


You were on level 1 of the Dungeon.
You were not hungry.

You visited 1 branch of the dungeon, and saw 1 of its levels.

You collected 25 gold pieces.

Inventory:

Hand Weapons
 c - a +0 dagger (weapon)
Missiles
 Z - 17 stones (quivered)
Armour
 a - a +0 robe (worn)
Scrolls
 b - 3 scrolls of remove curse {unknown}
Comestibles
 d - 2 chunks of flesh
 z - a ration


   Skills:
 - Level 1.7 Dodging
 - Level 1.7 Stealth
 - Level 2.0 Spellcasting
 + Level 4.8 Necromancy


You had 3 spell levels left.
You knew the following spells:

 Your Spells              Type           Power        Failure   Level  Hunger
a - Pain                  Necr           ###.         3%          1    #......

Your spell library contained the following spells:

 Spells                   Type           Power        Failure   Level  Hunger
 Animate Skeleton         Necr           N/A          3%          1    #......
 Vampiric Draining        Necr           ###.......   9%          3    ###....
 Animate Dead             Necr           N/A          28%         4    #####..
 Agony                    Necr           ###.....     63%         5    ######.


Dungeon Overview and Level Annotations

Branches:
Dungeon (1/15)

Altars:


Message History

Confirm with . or Enter, or press ? or * to list all spells.
Aiming: Pain (safe; 3% risk of failure)
Press: ? - help, Shift-Dir - straight line, f - jackal
Aim: a jackal (chance to defeat MR: 87%)
The jackal writhes in agony.
The jackal barely misses you. The jackal bites you.
* * * LOW HITPOINT WARNING * * *
Casting: Pain (safe; 3% risk of failure)
Confirm with . or Enter, or press ? or * to list all spells.
Aiming: Pain (safe; 3% risk of failure)
Press: ? - help, Shift-Dir - straight line, f/p - jackal
Aim: a jackal (moderately wounded, chance to defeat MR: 87%)
The jackal writhes in agony.
The jackal barely misses you.
Casting: Pain (safe; 3% risk of failure)
Confirm with . or Enter, or press ? or * to list all spells.
You don't have enough magic to cast that spell.
You barely miss the jackal.
The jackal is heavily wounded.
The jackal barely misses you. The jackal bites you.
You die... #.#.......# #...)#.# .. ##.....# ######### #..##..#### PPPPPPPP# #....$..# PPPPPPPP# ##.###h#.# ...PPPPP# .... #hg.# PPP..PPP# ## .. #h### ..PPP†PP# #.##@# PP.PP.PP#

#..#.# .PP.PP.P#######'#.#
P.PP.P.P..........# ####
PP.P.P............###..##
P.PP.P.P..........##8..8###
.PP.PP.P########..#...>...#


PP.PP.PP# #..........# ..PPP.PP# #...#8..8#.# You could see 3 jackals and a
hobgoblin.

Vanquished Creatures
  A bat (D:1)
  A giant cockroach (D:1)
  A jackal (D:1)
  A goblin (D:1)
  A kobold (D:1)
  A rat (D:1)
6 creatures vanquished.

Notes
Turn   | Place    | Note
-------+----------+-------------------------------------------
     0 | D:1      | Auros the Demonspawn Necromancer began the quest for the
                  | Orb.
     0 | D:1      | Reached XP level 1. HP: 13/13 MP: 3/3
   362 | D:1      | Slain by a jackal

Levels and vault maps discovered:
D:1:      roderic_crop_circles_arrival_small, layout_basic, st_stairs_6

Action                   || total
-------------------------++-------
Melee: Dagger            ||    26
       Unarmed           ||     4
 Cast: Pain              ||     3
Armor: Robe              ||     9
Dodge: Dodged            ||    28

Table legend:
 A = Non-vault XP
 B = Vault XP
 C = Vault XP percentage of total XP
 D = Non-vault monster count
 E = Vault monster count
 F = Vault count percentage of total count
                 A         B        C        D         E       F
            +---------+---------+-------+---------+---------+-------
      Total |       8 |       1 |  11.1 |       5 |       1 |  16.7
            +---------+---------+-------+---------+---------+-------
        D:1 |       8 |       1 |  11.1 |       5 |       1 |  16.7
            +---------+---------+-------+---------+---------+-------
